 Dungeon Crawl Stone Soup version 0.30-a0-739-gea05faddec (webtiles) character file.

Game seed: 9448071973902165805

132 Leeroy the Slasher (level 5, -2/26 HPs)
             Began as a Vine Stalker Warper on Feb 4, 2023.
             Slain by Grinder (5 damage)
             ... on level 3 of the Dungeon.
             The game lasted 00:05:03 (1549 turns).

Leeroy the Slasher (Vine Stalker Warper)            Turns: 1549, Time: 00:05:03

Health: -2/26      AC:  4    Str: 14    XL:     5   Next: 15%
Magic:  0/9        EV: 12    Int: 13    God:
Gold:   149        SH:  0    Dex: 21    Spells: 3/8 levels left

rFire   . . .      SeeInvis .    l - +1 short sword (drain)
rCold   . . .      Faith    .    (no shield)
rNeg    . . .      Spirit   +    b - +0 leather armour
rPois   .          Reflect  .    (no helmet)
rElec   .          Harm     .    (no cloak)
rCorr   .          Rampage  .    f - +0 pair of gloves
Will    .....                    (no boots)
Stlth   +++                      (no amulet)
HPRegen 1.04/turn                u - +6 ring of dexterity
MPRegen 0.11/turn                (no ring)

@: no status effects
A: fangs 2, regeneration 1, magic shield, antimagic bite, no potion heal 2
a: no special abilities


You were on level 3 of the Dungeon.
You visited 1 branch of the dungeon, and saw 3 of its levels.

You collected 149 gold pieces.

Inventory:

Hand Weapons
 a - a +0 falchion
 l - a +1 short sword of draining (weapon)
 p - a +0 long sword
Missiles
 d - 7 boomerangs of dispersal (quivered)
 j - 2 poisoned darts
 k - 5 datura-tipped darts
 s - 2 boomerangs
Armour
 b - a +0 leather armour (worn)
 f - a +0 pair of gloves (worn)
Jewellery
 u - a +6 ring of dexterity (left hand)
Scrolls
 c - a scroll of blinking
 e - 2 scrolls of fog {unknown}
 g - 3 scrolls of identify {unknown}
 i - a scroll of poison {unknown}
 n - a scroll of teleportation {unknown}
 q - 2 scrolls of enchant weapon {unknown}
Potions
 h - a potion of curing {unknown}
 m - a potion of brilliance
 o - a potion of degeneration {unknown}
 r - a potion of heal wounds {unknown}
 t - a potion of haste {unknown}


   Skills:
 - Level 1.7 Fighting
 - Level 4.0 Long Blades
 - Level 0.8 Throwing
 - Level 0.7 Armour
 - Level 1.5 Dodging
 + Level 3.3 Stealth
 - Level 2.1 Spellcasting
 - Level 3.0 Translocations


You had 3 spell levels left.
You knew the following spells:

 Your Spells              Type           Power      Damage    Failure   Level
a - Blink                 Tloc           18%        N/A       14%         2
b - Vhi's Electric Charg  Tloc/Air       10%        N/A       45%         3

Your spell library contained the following spells:

 Spells                   Type           Power      Damage    Failure   Level
 Lesser Beckoning         Tloc           18%        N/A       14%         2
 Teleport Other           Tloc           9%         N/A       28%         3
 Manifold Assault         Tloc           9%         N/A       67%         4


Dungeon Overview and Level Annotations

Branches:
Dungeon (3/15)

Altars:
Gozag

Shops:
D:2 [!

Annotations:
D:3 3 runed translucent doors, Grinder; lotum's ghost, amateur TeAE


Innate Abilities, Weirdness & Mutations

You have extremely sharp teeth.
Your natural rate of healing is unusually fast.
When hurt, damage is shared between your health and your magic reserves.
Your bite disrupts and absorbs the magic of your enemies.
Potions cannot restore your health.


Message History

Grinder blinks!
You hit the worm. You drain the worm. You bite the worm. You drain its power.
You feel invigorated.
The worm is almost dead.
Grinder hits you!
You writhe in agony.
The worm bites you but does no damage.
You barely miss Grinder. You bite Grinder.
Grinder's magic leaks into the air.
You drain her magic.
You feel invigorated.
Grinder is lightly wounded.
Grinder falters for a moment.
You hit Grinder.
Grinder is moderately wounded.
Grinder hits you but does no damage. The worm bites you.
You barely miss Grinder. Your bite misses Grinder.
Grinder is moderately wounded.
Grinder closely misses you.
You closely miss Grinder.
Grinder is moderately wounded.
Grinder hits you.
You writhe in agony.
The worm bites you.
You hit Grinder. You bite Grinder.
Grinder's magic leaks into the air.
You drain her magic.
You feel invigorated.
Grinder is heavily wounded.
Grinder hits you.
* * * LOW HITPOINT WARNING * * *
You writhe in agony.
You hit Grinder.
Grinder is heavily wounded.
The worm bites you but does no damage.
You hit Grinder.
Grinder is heavily wounded.
Grinder falters for a moment.
You completely miss Grinder.
Grinder is heavily wounded.
Grinder misses you. The worm bites you.
* * * LOW HITPOINT WARNING * * *
You closely miss Grinder.
Grinder is heavily wounded.
Grinder hits you.
* * * LOW HITPOINT WARNING * * *
You writhe in agony.
You die...

......#######
............##
.##########..#
##
########.#####
#
#............#
.##......##.#
##....###.#
##..###w.#
#####.5@#
#....# #.....
##....# ##...#
##..# #..#
...#


You could see Grinder (magic disrupted) and a worm (very drained).

Vanquished Creatures
  Jessica (D:3)
  2 adders
  A worm (D:2)
  5 dart slugs
  3 orcs (D:3)
  5 ball pythons
  10 bats
  6 endoplasms (D:1)
  2 giant cockroaches (D:1)
  8 goblins
  3 hobgoblins
  3 jackals (D:1)
  5 quokkas (D:1)
  6 kobolds
  5 rats
65 creatures vanquished.

Notes
Turn   | Place    | Note
-------+----------+-------------------------------------------
     0 | D:1      | Leeroy the Vine Stalker Warper began the quest for the Orb.
     0 | D:1      | Reached XP level 1. HP: 11/11 MP: 4/4
    29 | D:1      | Reached skill level 2 in Long Blades
    40 | D:1      | Reached XP level 2. HP: 9/15 MP: 3/6
   178 | D:1      | Reached skill level 3 in Long Blades
   214 | D:1      | Reached XP level 3. HP: 18/18 MP: 7/7
   878 | D:2      | Found Niddyepn's Antique Armour Boutique.
   960 | D:2      | Gained mutation: Your natural rate of healing is unusually
                  | fast. [Vine Stalker growth]
   960 | D:2      | Reached XP level 4. HP: 21/23 MP: 8/8
   985 | D:2      | Reached skill level 4 in Long Blades
  1069 | D:2      | Reached skill level 1 in Stealth
  1070 | D:2      | Found Onux's Distillery.
  1335 | D:3      | Noticed Jessica
  1340 | D:3      | Killed Jessica
  1359 | D:3      | Found a runed translucent gate.
  1360 | D:3      | Found a runed translucent gate.
  1361 | D:3      | Found a runed translucent gate.
  1362 | D:3      | Found an opulent altar of Gozag.
  1363 | D:3      | Noticed lotum's ghost (amateur TeAE)
  1410 | D:3      | Reached XP level 5. HP: 23/26 MP: 7/9
  1524 | D:3      | Noticed Grinder
  1530 | D:3      | Learned a level 2 spell: Blink
  1534 | D:3      | Learned a level 3 spell: Vhi's Electric Charge
  1549 | D:3      | Slain by Grinder

Illustrated notes

Levels and vault maps discovered:
D:1:      eino_arrival_druids_welcome, layout_loops_ring,
          minmay_stone_trees_small, minmay_split_cup_small
D:2:      layout_rooms, serial_shops, shop, shop
D:3:      layout_rooms, ebering_ghost_gozag, shapermc_ecumenical_altar_pompeii,
          serial_shops, nicolae_shop_temple_entry_statues_fountains,
          minivault_19, corexii_hall_statues_l, uniq_jessica, uniq_grinder,
          uniq_terence

Skill      XL: |  1  2  3  4  5 |
---------------+----------------+-----
Long Blades    | 2 3 4 |  4.0
Stealth        | 2 3 |  3.3
Fighting       | |  1.7
Throwing       | |  0.8
Armour         | |  0.7
Dodging        | |  1.5
Spellcasting   | |  2.1
Translocations | |  3.0

Action                     |  1- 3 |  4- 6 || total
---------------------------+-------+-------++-------
  Melee: Falchion          |    92 |       ||    92
         Bite              |    24 |    11 ||    35
         Punch             |     1 |     1 ||     2
         Short sword       |     6 |    63 ||    69
   Stab: Sleeping          |       |     2 ||     2
 Armour: Leather armour    |    24 |    20 ||    44
  Dodge: Dodged            |    67 |    27 ||    94

Table legend: (Time is in decaauts)
 A = Elapsed time spent in this place.
 B = Non-inter-level travel time spent in this place.
 C = Inter-level travel time spent in this place.
 D = Time resting spent in this place.
 E = Time spent auto-exploring this place.
 F = Levels seen in this place.
 G = Mean time per level.
                   A        B        C        D        E       F      G
               +--------+--------+--------+--------+--------+-----+--------+
         Total |   1553 |   1485 |     68 |      0 |   1036 |   3 |  517.7 |
       Dungeon |   1553 |   1485 |     68 |      0 |   1036 |   3 |  517.7 |
               +--------+--------+--------+--------+--------+-----+--------+

Top non-repeatable levels by time:
     D:1: 868 daAuts
     D:2: 475 daAuts
     D:3: 209 daAuts
